 Dungeon Crawl Stone Soup version 0.29.0-4-gdea44cf6ec (webtiles) character file.

Game seed: 9210190705461463052

85 qw the Chopper (level 4, 0/26 HPs)
             Began as a Tengu Warper on Aug 28, 2022.
             Slain by qw's ghost (6 damage)
             ... on level 3 of the Dungeon.
             The game lasted 00:00:14 (2734 turns).

qw the Chopper (Tengu Warper)                       Turns: 2734, Time: 00:00:15

Health: 0/26       AC: 10    Str: 13    XL:     4   Next: 48%
Magic:  8/8        EV:  3    Int: 13    God:
Gold:   73         SH:  0    Dex: 14    Spells: 7/7 levels left

rFire   . . .      SeeInvis .   Y - +1 hand axe
rCold   . . .      Faith    .   (no shield)
rNeg    . . .      Spirit   .   b - +0 plate armour
rPois   .          Reflect  .   (helmet restricted)
rElec   .          Harm     .   (no cloak)
rCorr   .          Rampage  .   (no gloves)
Will    .....                   (boots unavailable)
Stlth   ..........              (no amulet)
HPRegen 0.08/turn               (no ring)
MPRegen 0.11/turn               (no ring)

@: no status effects
A: beak, talons 3
a: no special abilities


You were on level 3 of the Dungeon.
You visited 1 branch of the dungeon, and saw 3 of its levels.

You collected 229 gold pieces.
You spent 156 gold pieces at shops.


Innate Abilities, Weirdness & Mutations

You have a beak for a mouth.
You have claws for feet.


   Skills:
 - Level 2.0 Fighting
 - Level 4.7 Axes
 - Level 1.0 Throwing
 + Level 1.9 Armour
 - Level 2.1 Dodging
 - Level 2.0 Spellcasting
 - Level 2.4 Translocations


You had 7 spell levels left.
You didn't know any spells.
Your spell library contained the following spells:

 Spells                   Type           Power      Damage    Failure   Level
 Blink                    Tloc           14%        N/A       100%        2
 Gell's Gravitas          Tloc           7%         N/A       100%        3
 Lesser Beckoning         Tloc           7%         N/A       100%        3
 Teleport Other           Tloc           7%         N/A       100%        3
 Manifold Assault         Tloc           7%         N/A       100%        5

Inventory:

Hand Weapons
 h - a +0 mace
 Y - a +1 hand axe (weapon)
Armour
 b - a +0 plate armour (worn)
Scrolls
 a - a scroll of identify
Potions
 c - a potion of cancellation
 d - 2 potions of might
 e - a potion of degeneration {unknown}
 g - 5 potions of curing
 i - a potion of heal wounds {unknown}

Dungeon Overview and Level Annotations

Branches:
Dungeon (3/15)

Altars:
Cheibriados

Shops:
D:3 !

Annotations:
D:3 1 runed translucent door, Crazy Yiuf; qw's ghost, amateur TeWr


Message History

You hit the adder.
The adder is moderately wounded.
The adder bites you but does no damage.
You miss the adder.
The adder is moderately wounded.
The adder bites you but does no damage.
You closely miss the adder. Your kick misses the adder.
The adder is moderately wounded.
The adder barely misses you. The adder bites you but does no damage.
You hit the adder but do no damage. Your kick misses the adder.
You peck the adder, but do no damage.
The adder is moderately wounded.
The adder bites you but does no damage.
You hit the adder.
The adder is heavily wounded.
The adder bites you but does no damage.
You miss the adder. Your peck misses the adder.
The adder is heavily wounded.
The adder bites you. The adder bites you but does no damage.
You closely miss the adder. You claw the adder.
The adder is severely wounded.
The adder bites you but does no damage.
You closely miss the adder. You claw the adder.
You kill the adder!
You hit qw's ghost but do no damage. Qw's ghost hits you.
You hit qw's ghost but do no damage. You peck qw's ghost.
Qw's ghost is lightly damaged.
Qw's ghost hits you but does no damage.
You hit qw's ghost. Your kick misses qw's ghost.
Qw's ghost is lightly damaged.
Qw's ghost hits you.
You closely miss qw's ghost. Your kick misses qw's ghost.
You peck qw's ghost, but do no damage.
Qw's ghost is lightly damaged.
Qw's ghost hits you.
You hit qw's ghost.
Qw's ghost is moderately damaged.
Qw's ghost hits you.
You die...

#...........# #.#########.#
##.#########.## #####
..............##############...#
############...................#
# #..##[.##.#######...#
#..#...##.# #./## #######..##.#
#..# ~|~~~~W@###!# #..#
#######.# #.# #..# #..#..###.#
####..# #.........# #.....###
#..######## #.###...# #.......#
#.......# ###.###.# #.#...#.#
#.# #.# #..#.#... #.# #.#
##...\....


You could see qw's ghost.

Vanquished Creatures
  4 adders
  An orc (D:3)
  5 ball pythons
  2 bats
  3 endoplasms
  2 giant cockroaches (D:2)
  3 hobgoblins
  4 kobolds
  3 quokkas
  16 frilled lizards
  4 goblins
  4 rats
51 creatures vanquished.

Notes
Turn   | Place    | Note
-------+----------+-------------------------------------------
     0 | D:1      | qw the Tengu Warper began the quest for the Orb.
     0 | D:1      | Reached XP level 1. HP: 12/12 MP: 4/4
     0 | D:1      | 0 ||| qw: Version: 0.1-a-89-g26bdef1
     0 | D:1      | 0 ||| qw: Game counter: 732
     0 | D:1      | 0 ||| qw: Always use a shield: true
     0 | D:1      | 0 ||| qw: God list: Okawaru
     0 | D:1      | 0 ||| qw: Allow faded altars: false
     0 | D:1      | 0 ||| qw: Do Orc after D:15 true
     0 | D:1      | 0 ||| qw: Do second Lair branch before Depths: true
     0 | D:1      | 0 ||| qw: Lair rune preference: random
     0 | D:1      | 0 ||| qw: Plans: Normal
     0 | D:1      | 0 ||| PLANNING D:1-11
   117 | D:1      | 117 ||| Stepping ~*~*~tactically~*~*~ (stealth).
   132 | D:1      | Reached XP level 2. HP: 16/17 MP: 6/6
   134 | D:1      | Reached skill level 3 in Axes
   317 | D:1      | 317 ||| Stepping ~*~*~tactically~*~*~ (stealth).
   976 | D:1      | 976 ||| UPGRADING to +0 chain mail.
   986 | D:1      | 986 ||| DROPPING +0 leather armour.
   987 | D:1      | 987 ||| DROPPING +6 ring of intelligence.
   988 | D:1      | 988 ||| READING 3 scrolls labelled YXATRE WABO.
   989 | D:1      | 989 ||| READING scroll labelled LOLIUT TOEFEAW.
   990 | D:1      | 990 ||| READING scroll labelled XIASIECEQO.
   991 | D:1      | 991 ||| READING scroll labelled HEDOTT QACOTWA.
  1092 | D:1      | 1092 ||| READING 2 scrolls of identify.
  1092 | D:1      | 1092 ||| IDENTIFYING viscous cyan potion
  1093 | D:1      | 1093 ||| DROPPING scroll of blinking.
  1121 | D:2      | Found a faded altar of an unknown god.
  1178 | D:2      | Reached XP level 3. HP: 15/21 MP: 7/7
  1265 | D:2      | 1265 ||| Stepping ~*~*~tactically~*~*~ (stealth).
  1266 | D:2      | 1266 ||| Stepping ~*~*~tactically~*~*~ (stealth).
  1467 | D:2      | Reached skill level 4 in Axes
  1561 | D:2      | Found a snail-covered altar of Cheibriados.
  1603 | D:2      | 1603 ||| Stepping ~*~*~tactically~*~*~ (stealth).
  1941 | D:2      | 1941 ||| READING scroll labelled KAB GENOBE.
  1942 | D:2      | 1942 ||| READING scroll labelled FIQECKAXOS.
  1943 | D:2      | 1943 ||| READING scroll labelled JACHAY HOBLOE.
  1944 | D:2      | 1944 ||| DRINKING 2 silvery potions.
  1945 | D:2      | 1945 ||| DRINKING 2 golden potions.
  1946 | D:2      | 1946 ||| READING 2 scrolls of identify.
  1946 | D:2      | 1946 ||| IDENTIFYING orange potion
  1947 | D:2      | 1947 ||| DROPPING potion of brilliance.
  1948 | D:2      | 1948 ||| DROPPING potion of attraction.
  2033 | D:3      | 2033 ||| Stepping ~*~*~tactically~*~*~ (hiding).
  2123 | D:3      | Reached XP level 4. HP: 23/26 MP: 8/8
  2250 | D:3      | Found a runed translucent door.
  2251 | D:3      | Noticed Crazy Yiuf
  2345 | D:3      | Found Cyotweh's Distillery.
  2352 | D:3      | 2352 ||| BUYING 2 potions of curing (72 gold).
  2352 | D:3      | Bought 2 potions of curing for 72 gold pieces
  2352 | D:3      | 2352 ||| BUYING potion of curing (36 gold).
  2352 | D:3      | Bought a potion of curing for 36 gold pieces
  2352 | D:3      | 2352 ||| SHOPLISTING potion of haste (120 gold, have 83).
  2352 | D:3      | 2352 ||| BUYING potion of might (48 gold).
  2352 | D:3      | Bought a potion of might for 48 gold pieces
  2352 | D:3      | 2352 ||| SHOPLISTING potion of mutation (96 gold, have 35).
  2418 | D:3      | Found a runed translucent door.
  2418 | D:3      | Noticed qw's ghost (amateur TeWr)
  2597 | D:3      | 2597 ||| Stepping ~*~*~tactically~*~*~ (stealth).
  2598 | D:3      | 2598 ||| Stepping ~*~*~tactically~*~*~ (stealth).
  2701 | D:3      | 2701 ||| UPGRADING to +0 plate armour.
  2711 | D:3      | 2711 ||| DROPPING +0 chain mail.
  2712 | D:3      | 2712 ||| READING scroll labelled OPHIELAAHI.
  2713 | D:3      | 2713 ||| READING scroll labelled GIWNERAEGH.
  2714 | D:3      | 2714 ||| READING 2 scrolls of identify.
  2714 | D:3      | 2714 ||| IDENTIFYING grey potion
  2715 | D:3      | 2715 ||| Stepping randomly (stuck).
  2733 | D:3      | HP: 6/26 [qw's ghost (3)]
  2734 | D:3      | Slain by qw's ghost

Levels and vault maps discovered:
D:1:      minmay_arrival_glassed_features, layout_loops_ring, minmay_lizard_pond
D:2:      layout_loops_ring, basic_ecumenical_altar, basic_altar
D:3:      layout_loops_ring, ebering_ghost_sewer_d, serial_shops,
          nicolae_shop_advertising_works [nicolae_subvault_shop_adworks],
          uniq_crazy_yiuf_cottage

Skill      XL: |  1  2  3 |
---------------+----------+-----
Axes           | 3 4 |  4.7
Fighting       | |  2.0
Throwing       | |  1.0
Armour         | |  1.9
Dodging        | |  2.1
Spellcasting   | |  2.0
Translocations | |  2.4

Action                   |  1- 3 |  4- 6 || total
-------------------------+-------+-------++-------
Melee: Hand axe          |    93 |    27 ||   120
       Kick              |    20 |     6 ||    26
       Peck              |     8 |     6 ||    14
       Punch             |     1 |       ||     1
Throw: Boomerang         |     7 |       ||     7
  Use: Scroll            |     9 |     3 ||    12
       Potion            |     2 |       ||     2
Armor: Leather armour    |     6 |       ||     6
       Chain mail        |    19 |     2 ||    21
       Plate armour      |       |    12 ||    12
Dodge: Dodged            |    25 |     1 ||    26

Table legend:
 A = Non-vault XP
 B = Vault XP
 C = Vault XP percentage of total XP
 D = Non-vault monster count
 E = Vault monster count
 F = Vault count percentage of total count
                 A         B        C        D         E       F
            +---------+---------+-------+---------+---------+-------
      Total |      85 |      37 |  30.3 |      39 |      12 |  23.5
            +---------+---------+-------+---------+---------+-------
        D:1 |      22 |      10 |  31.2 |      13 |      10 |  43.5
        D:2 |      32 |       0 |   0.0 |      14 |       0 |   0.0
        D:3 |      31 |      27 |  46.6 |      12 |       2 |  14.3
            +---------+---------+-------+---------+---------+-------
